 Dungeon Crawl Stone Soup version 0.28-a0-258-g8de209e91f (webtiles) character file.

Game seed: 7045842927378975386

16776 robertstho the Thaumaturge (level 12, -13/84 HPs)
             Began as a Djinni Fire Elementalist on Aug 26, 2021.
             Was an Initiate of Gozag.
             Mangled by a komodo dragon (19 damage)
             ... on level 11 of the Dungeon.
             The game lasted 00:35:13 (18100 turns).

robertstho the Thaumaturge (DjFE)                  Turns: 18100, Time: 00:35:13

Health: -13/84     AC:  7    Str:  7    XL:     12   Next: 74%
Gold:   156        EV: 13    Int: 23    God:    Gozag SH: 11 Dex: 13

rFire   + + +      SeeInvis .   B - +5 trident (venom)
rCold   . . .      Faith    .   A - +2 buckler
rNeg    + . .      Spirit   .   l - +2 robe {Archmagi}
rPois   ∞          Reflect  +   e - +2 hat
rElec   +          Harm     .   (no cloak)
rCorr   +          Rampage  .   f - +0 pair of gloves
Will    +....      Archmagi +   (boots unavailable)
Stlth   +++.......              p - amulet of reflection
HPRegen 0.24/turn               F - ring of positive energy
MPRegen 0.00/turn               b - ring of resist corrosion

@: mighty, resistant, flying, hasted and slowed
A: sickness immunity, fire resistance 2, cold vulnerability 1, float, innate
caster, hp casting, extra vitality 1
a: Renounce Religion, Potion Petition, Call Merchant, Bribe Branch


You were on level 11 of the Dungeon.
You worshipped Gozag.
Gozag was aware of your devotion.
You visited 2 branches of the dungeon, and saw 14 of its levels.
You also visited: Ossuary.

You collected 1607 gold pieces.
You spent 183 gold pieces at shops.
You paid 1268 gold pieces to Gozag.

Inventory:

Hand Weapons
 B - a +5 trident of venom (weapon)
Missiles
 i - a throwing net
Armour
 e - a +2 hat (worn)
 f - a +0 pair of gloves (worn)
 l - a +2 robe of the Archmagi (worn)
 A - a +2 buckler (worn)
Jewellery
 b - a ring of resist corrosion (right hand)
 p - an amulet of reflection (around neck)
 F - a ring of positive energy (left hand)
Wands
 n - a wand of paralysis (28)
 q - a wand of mindburst (35)
 C - a wand of acid (10)
 G - a wand of iceblast (16)
Scrolls
 c - a scroll of brand weapon
 k - 2 scrolls of torment
 w - a scroll of fog
 y - 2 scrolls of enchant weapon
 D - a scroll of enchant armour
 E - a scroll of immolation
Potions
 a - 3 potions of attraction
 g - 5 potions of lignification
 j - a potion of berserk rage {unknown}
 o - a potion of magic {unknown}
 r - 2 potions of cancellation {unknown}
 t - 2 potions of brilliance {unknown}
 u - 3 potions of mutation {unknown}
 x - 2 potions of ambrosia {unknown}
Miscellaneous
 m - a condenser vane (inert)


   Skills:
 * Level 6.7 Fighting
 + Level 1.3 Short Blades
 + Level 0.1 Polearms
 + Level 4.4 Dodging
 + Level 4.1 Stealth
 + Level 2.9 Shields
 * Level 13.3 Spellcasting


You had 7 spell levels left.
You knew the following spells:

 Your Spells              Type           Power      Damage    Failure   Level
a - Foxfire               Conj/Fire      100%       2x1d9     1%          1
b - Conjure Flame         Conj/Fire      86%        6-21      1%          3
c - Inner Flame           Hex/Fire       86%        N/A       1%          3
d - Sticky Flame          Conj/Fire      86%        2d10      1%          4
e - Fireball              Conj/Fire      43%        3d17      1%          5
f - Animate Skeleton      Necr           100%       N/A       1%          1
g - Wereblood             Tmut           86%        N/A       1%          2
h - Tukima's Dance        Hex            86%        N/A       1%          3
i - Dazzling Flash        Conj/Hex       100%       N/A       1%          3
j - Blade Hands           Tmut           43%        N/A       1%          5
Your spell library was empty.

Dungeon Overview and Level Annotations

Branches:
Dungeon (13/15)            Temple (1/1) D:5            Lair (0/6) D:11
    Orc (0/2) D:11        Ossuary (visited)
 Vaults: D:13-14

Altars:
Ashenzari
Cheibriados
Dithmenos
Elyvilon
Fedhas
Gozag
Hepliaklqana
Kikubaaqudgha
Makhleb
Nemelex Xobeh
Okawaru
Qazlal
Ru
Sif Muna
Trog
Uskayaw
Vehumet
Wu Jian
Xom
Yredelemnul
Zin
The Shining One

Shops:
D:4 [   D:5 *

Annotations:
D:12 Jorgrun
D:13 1 transporter


Innate Abilities, Weirdness & Mutations

You are immune to sickness and miasma.
You are immune to poison.
Your flesh is very heat resistant. (rF++)
You are vulnerable to cold. (rC-)
You float through the air rather than walking.
You learn spells naturally, not from books.
Your magical power is your life essence.
You have superior vitality. (+4 HP)


Message History

You block the wraith's attack. The troll closely misses you. x2
The troll barely misses you.
The komodo dragon is no longer blind.
You block the wraith's attack. x2
The komodo dragon bites you but does no damage.
The troll is no longer blind.
The troll barely misses you. The troll misses you. The troll claws you!
* * * LOW HITPOINT WARNING * * *
The wraith hits you.
* * * LOW HITPOINT WARNING * * *
Okay, then.
Okay, then.
Okay, then.
Casting: Sticky Flame (safe; 1% risk of failure)
Confirm with . or Enter, or press ? or * to list all spells.
Casting: Dazzling Flash (safe; 1% risk of failure)
Press: ? - help, Dir - look around, f - activate You feel a surge of power!
The komodo dragon is dazzled.
* * * LOW HITPOINT WARNING * * *
You block the komodo dragon's attack. x2
The wraith hits you but does no damage.
Unknown command.
The wraith hits you.
* * * LOW HITPOINT WARNING * * *
The wraith drains your vigour!
You feel as though you will be slow longer.
The komodo dragon bites you.
* * * LOW HITPOINT WARNING * * *
You block the wraith's attack.
The komodo dragon is no longer blind.
Okay, then. [a] - 104 gold - brilliance [b] - 528 gold - haste, resistance and might [c] - 392 gold - haste and brilliance Purchase which effect?
You no longer have enough gold to petition Gozag for potion effects.
You feel yourself speed up.
You feel protected.
You feel very mighty all of a sudden. The komodo dragon bites you!!
You die...
Your body crumbles into a pile of gold.

#........)##.##...## #.....###..
..#......###.##.>.# #.........#
.#####....##.##...## #...##....#
.## ###)..##)#'###'####..####....
..###.[[.##...#####...#.####.....
..#..)....#.8.......8.'..##.....#
#.........#...#####...##.........
##..##(...##########'####...#....
#.###.###..####@# #.## ##......#
##.##..####...#Wl# #..# #......#
........####...T## ##.## #.....##
.###)##..####...# #..###.....##
## #..##..###..## #..#..#...:.. #
#..###..#)...### ##...###..... #
#..# ##........###...## ##.... ##
##.###.....>......#..## #.... .#
#.#.........###..##..# ##....


You could see a komodo dragon, a troll and a wraith.

Vanquished Creatures
  2 hydras
  A centaur warrior (D:13)
  A boulder beetle (D:9)
  A two-headed ogre (D:9)
  Sonja (D:11)
  A deep troll (D:9)
  Pikel (D:5)
  A manticore (D:9)
  2 oklob plants (D:11)
  A kobold demonologist (D:11)
  2 trolls
  A hornet (D:11)
  Prince Ribbit (D:7)
  Sigmund (D:2)
  A wyvern (D:9)
  3 yaks (D:11)
  Grum (D:8)
  2 wraiths
  3 steam dragons
  4 vampire mosquitoes
  A water moccasin (D:8)
  6 orc warriors
  An ice beast (D:7)
  A sky beast (D:6)
  An ogre (D:6)
  4 wolves (D:8)
  A necrophage (D:5)
  3 phantoms
  7 centaurs
  2 kobold brigands
  3 scorpions
  2 wyvern zombies
  2 bullfrogs
  3 gnoll sergeants
  4 water moccasin zombies (Ossuary)
  A wyvern skeleton (D:7)
  A water moccasin skeleton (D:5)
  10 killer bees
  5 wights
  6 howler monkeys
  5 centaur zombies
  2 bullfrog skeletons
  6 hounds
  7 orc priests
  A centaur skeleton (D:6)
  2 gnoll shamans (D:9)
  3 iguanas
  Terence (D:2)
  Ijyb (D:5)
  17 orc wizards
  2 killer bee zombies
  2 mummies (Ossuary)
  3 howler monkey zombies
  5 adders
  13 gnolls
  2 shadow imps (D:7)
  2 white imps
  An ufetubus (D:5)
  8 adder zombies (Ossuary)
  A worm (D:3)
  3 dart slugs
  86 orcs
  6 ball pythons
  3 bats
  3 endoplasms
  2 giant cockroaches
  5 gnoll zombies (Ossuary)
  4 goblins
  9 hobgoblins
  4 quokkas
  3 frilled lizards
  A goblin zombie (D:8)
  3 hobgoblin zombies (Ossuary)
  10 kobolds
  3 kobold zombies (Ossuary)
  An orc zombie (Ossuary)
  3 rats
328 creatures vanquished.

Vanquished Creatures (collateral kills)
  A death knight (D:11)
  A vampire mosquito (D:7)
  4 orc warriors
  2 ogres
  A gnoll sergeant (D:7)
  A scorpion (D:6)
  An orc wizard (D:10)
  7 gnolls
  2 orcs
20 creatures vanquished.

Vanquished Creatures (others)
  2 dancing weapons (D:4)
  435 foxfires
  10 plants
447 creatures vanquished.

Grand Total: 795 creatures vanquished

Notes
Turn   | Place    | Note
-------+----------+-------------------------------------------
     0 | D:1      | robertstho the Djinni Fire Elementalist began the quest for
                  | the Orb.
     0 | D:1      | Reached XP level 1. HP: 15/15 MP: 0/0
   265 | D:1      | Reached XP level 2. HP: 17/21 MP: 0/0
   787 | D:1      | Reached skill level 3 in Spellcasting
  1069 | D:1      | Reached XP level 3. HP: 19/26 MP: 0/0
  1069 | D:1      | Learned a level 1 spell: Animate Skeleton
  1303 | D:2      | Noticed Sigmund
  1311 | D:2      | Killed Sigmund
  1312 | D:2      | Reached skill level 1 in Fighting
  1312 | D:2      | Reached skill level 4 in Spellcasting
  1312 | D:2      | Reached XP level 4. HP: 18/32 MP: 0/0
  1312 | D:2      | Reached XP level 5. HP: 20/37 MP: 0/0
  1312 | D:2      | Learned a level 2 spell: Wereblood
  1365 | D:2      | Noticed a phantom
  1365 | D:2      | Noticed Terence
  1777 | D:2      | Killed a phantom
  1778 | D:2      | Reached XP level 6. HP: 35/43 MP: 0/0
  1833 | D:2      | Found a faded altar of an unknown god.
  1855 | D:2      | Killed Terence
  2518 | D:3      | You are sucked into a shaft and drop 2 floors!
  2518 | D:5      | Entered Level 5 of the Dungeon
  2518 | D:5      | Noticed Pikel
  2539 | D:4      | Reached skill level 5 in Spellcasting
  2682 | D:4      | Reached XP level 7. HP: 44/49 MP: 0/0
  2682 | D:4      | Learned a level 3 spell: Tukima's Dance
  3462 | D:4      | Found Veweat's Antique Armour Shop.
  3470 | D:4      | Bought an embroidered robe for 111 gold pieces
  3768 | D:5      | Killed Pikel
  3769 | D:5      | Reached skill level 6 in Spellcasting
  3769 | D:5      | Reached XP level 8. HP: 30/56 MP: 0/0
  3929 | D:5      | Reached skill level 7 in Spellcasting
  4100 | D:5      | Reached XP level 9. HP: 42/61 MP: 0/0
  4100 | D:5      | Learned a level 3 spell: Dazzling Flash
  4103 | D:5      | Found a sacrificial altar of Ru.
  4530 | D:5      | Reached skill level 8 in Spellcasting
  4936 | D:5      | Noticed Ijyb
  4944 | D:5      | Killed Ijyb
  5158 | D:5      | Found Dehoam's General Store.
  5161 | D:5      | Bought a potion of degeneration for 12 gold pieces
  5161 | D:5      | Bought a scroll of fog for 24 gold pieces
  5161 | D:5      | Bought a potion of attraction for 36 gold pieces
  5408 | D:5      | Found a staircase to the Ecumenical Temple.
  5439 | Temple   | Entered the Ecumenical Temple
  5970 | D:6      | You are sucked into a shaft and drop 3 floors!
  5988 | D:9      | Noticed a two-headed ogre
  6004 | D:9      | Killed a two-headed ogre
  6005 | D:9      | Reached skill level 1 in Short Blades
  6005 | D:9      | Reached skill level 9 in Spellcasting
  6005 | D:9      | Reached XP level 10. HP: 10/69 MP: 0/0
  6127 | D:8      | Found a sand-covered staircase.
  6137 | Ossuary  | Entered an ossuary
  7140 | D:8      | Reached skill level 10 in Spellcasting
  7141 | D:8      | Noticed Grum
  7145 | D:8      | Reached skill level 5 in Fighting
  7151 | D:8      | Killed Grum
  9182 | D:9      | Reached XP level 11. HP: 49/76 MP: 0/0
  9182 | D:9      | Learned a level 5 spell: Blade Hands
  9391 | D:7      | Reached skill level 11 in Spellcasting
  9871 | D:7      | Noticed Prince Ribbit
  9873 | D:7      | Killed Prince Ribbit
  9890 | D:7      | Reached skill level 1 in Shields
 10195 | D:7      | Found a broken altar of Ashenzari.
 10773 | D:6      | Found a glowing silver altar of Zin.
 10773 | D:6      | Found a snail-covered altar of Cheibriados.
 10779 | D:6      | Found an iron altar of Okawaru.
 10781 | D:6      | Found a sparkling altar of Nemelex Xobeh.
 10869 | Temple   | Became a worshipper of Gozag Ym Sagoz the Greedy
 12065 | D:6      | Found a faded altar of an unknown god.
 12415 | D:9      | Noticed a deep troll
 12699 | D:9      | Noticed a boulder beetle
 12707 | D:9      | Killed a boulder beetle
 12856 | D:9      | Noticed a manticore
 12860 | D:9      | Killed a manticore
 12865 | D:9      | Killed a deep troll
 12874 | D:9      | Reached skill level 12 in Spellcasting
 13371 | D:10     | Entered Level 10 of the Dungeon
 14242 | D:10     | Found a sacrificial altar of Ru.
 14295 | D:10     | Found a shimmering altar of Xom.
 14968 | D:11     | Noticed Sonja
 14975 | D:11     | Killed Sonja
 14976 | D:11     | Reached XP level 12. HP: 28/83 MP: 0/0
 14983 | D:11     | You are sucked into a shaft and drop 2 floors!
 15292 | D:13     | Noticed a centaur warrior
 15294 | D:13     | Killed a centaur warrior
 15328 | D:13     | Found a transporter.
 15342 | D:13     | Noticed a deep elf knight
 15407 | D:12     | Noticed Jorgrun
 15635 | D:12     | Noticed a four-headed hydra
 15646 | D:12     | Killed a four-headed hydra
 15652 | D:11     | Noticed a death knight
 16451 | D:11     | Found a staircase to the Orcish Mines.
 16663 | D:11     | Reached skill level 13 in Spellcasting
 16840 | D:11     | Identified the +2 shortbow of Royalism {flame, rElec rCorr
                  | SInv}
 16959 | D:11     | Killed a death knight
 16968 | D:11     | Found a staircase to the Lair.
 17447 | D:11     | Noticed a six-headed hydra
 17456 | D:11     | Killed a six-headed hydra
 18100 | D:11     | Mangled by a komodo dragon

Illustrated notes

Levels and vault maps discovered:
D:1:      dpeg_arrival_radiant, layout_rooms
D:2:      layout_rooms, hellmonk_ecumenical_altar_blasted, uniq_terence,
          uniq_sigmund
D:3:      layout_loops_cross
D:4:      layout_basic, serial_shops, nicolae_shop_statue_plus, lightli_minifort
D:5:      layout_gridville, minmay_temple_entry_glassed_door, serial_shops,
          kennysheep_mini, nrook_campfire, minmay_crystal_room,
          minmay_ruined_shrine, uniq_pikel, uniq_ijyb
D:6:      layout_basic, chequers_temple_overflow_minitemple
D:7:      layout_rooms, kennysheep_small_circle, uniq_prince_ribbit1
D:8:      layout_basic, enter_ossuary_3, grunt_ministairs_4,
          hangedman_decor_clover_reticule, lemuel_flame_loot_1, uniq_grum
D:9:      wad_statue_garden, layout_basic
D:10:     layout_roguey [special_room_orc], old_standard_altar,
          lemuel_tele_altar
D:11:     layout_layer_cave, dpeg_oklobed_lair, hiddenorc2_lemuel, uniq_sonja
D:12:     minmay_ice_pillars, layout_loops_corners, nicolae_vehumet_altar_sigil,
          uniq_jorgrun
D:13:     layout_loops_corners, lightli_vaults_fourway_checkpoint,
          gammafunk_ghost_abyssal_escape
Temple:   compressed_dpeg_circular_temple

Skill      XL: |  1  2  3  4  5  6  7  8  9 10 11 12 |
---------------+-------------------------------------+-----
Spellcasting   | 3 4 5 6 7 9 10 12 13 | 13.3
Fighting       | 1 2 3 4 5 6 |  6.7
Stealth        | 2 3 4 |  4.1
Dodging        | 3 4 |  4.4
Short Blades   | 1 |  1.3
Shields        | 2 |  2.9
Polearms       | |  0.1

Action                   |  1- 3 |  4- 6 |  7- 9 | 10-12 || total
-------------------------+-------+-------+-------+-------++-------
Melee: Short sword       |       |       |    13 |       ||    13
       Dagger            |       |       |       |    10 ||    10
       Trident           |       |       |       |     6 ||     6
 Cast: Foxfire           |    53 |    65 |   128 |    11 ||   257
       Sticky Flame      |       |     1 |    17 |    35 ||    53
       Tukima's Dance    |       |       |    13 |    19 ||    32
       Fireball          |       |       |     8 |   231 ||   239
       Dazzling Flash    |       |       |     6 |    15 ||    21
Invok: Potion Petition   |       |       |       |     3 ||     3
Evoke: Condenser vane    |       |       |       |     1 ||     1
  Use: Scroll            |       |     3 |       |    13 ||    16
       Potion            |       |       |       |     6 ||     6
 Stab: Invisible         |       |       |       |     1 ||     1
Armor: Robe              |     2 |     3 |    15 |    20 ||    40
Dodge: Dodged            |     6 |     8 |    36 |    54 ||   104
Block: Buckler           |       |       |       |    43 ||    43
       Reflection        |       |       |       |     3 ||     3

Table legend: (Time is in decaauts)
 A = Elapsed time spent in this place.
 B = Non-inter-level travel time spent in this place.
 C = Inter-level travel time spent in this place.
 D = Time resting spent in this place.
 E = Time spent auto-exploring this place.
 F = Levels seen in this place.
 G = Mean time per level.
                   A        B        C        D        E       F      G
               +--------+--------+--------+--------+--------+-----+--------+
         Total |  18123 |  17320 |    803 |   2697 |  12623 |  15 | 1208.2 |
       Dungeon |  17095 |  16383 |    712 |   2506 |  11971 |  13 | 1315.0 |
        Temple |    145 |     54 |     91 |      0 |     40 |   1 |  145.0 |
       Ossuary |    883 |    883 |      0 |    191 |    612 |   1 |  883.0 |
               +--------+--------+--------+--------+--------+-----+--------+

Top non-repeatable levels by time:
     D:8: 2370 daAuts
    D:11: 2224 daAuts
     D:5: 1912 daAuts
    D:10: 1567 daAuts
     D:9: 1560 daAuts
     D:1: 1481 daAuts
     D:7: 1385 daAuts
     D:4: 1223 daAuts
     D:2: 967 daAuts
     D:3: 927 daAuts
 Ossuary: 883 daAuts
     D:6: 801 daAuts
    D:13: 423 daAuts
    D:12: 250 daAuts
  Temple: 145 daAuts
